 Dungeon Crawl Stone Soup version 0.23-a0-4-g8f018a2 (webtiles) character file.

66 Goblin1989 the Changer (level 3, -7/26 HPs)
             Began as a Demonspawn Transmuter on Aug 1, 2018.
             Killed by divine providence
             ... invoked by an orc priest
              (11 damage)
             ... on level 3 of the Dungeon.
             The game lasted 00:05:53 (3347 turns).

Goblin1989 the Changer (Demonspawn Transmuter)      Turns: 3347, Time: 00:05:53

Health: -7/26      AC:  4    Str:  9 (10) XL:     3   Next: 96%
Magic:  3/6        EV: 12    Int: 19 (22) God:
Gold:   179        SH:  0    Dex: 10 (13) Spells: 0/6 levels left

rFire    . . .     SeeInvis .     - Unarmed
rCold    . . .     Gourm    .   (no shield)
rNeg     . . .     Faith    .   b - +0 robe
rPois    .         Spirit   .   (no helmet)
rElec    .         Reflect  .   (no cloak)
rCorr    .         Harm     .   (no gloves)
MR       .....                  (no boots)
Stlth    +.........             (no amulet)
HPRegen  0.08/turn              h - +2 ring of intelligence
MPRegen  0.10/turn              (no ring)

@: brilliant
A: slimy green scales 1
a: no special abilities


You were on level 3 of the Dungeon.
You were not hungry.

You visited 1 branch of the dungeon, and saw 3 of its levels.

You collected 179 gold pieces.

Inventory:

Missiles
 a - 79 arrows
 j - 9 stones (quivered) {@Q3}
 n - 49 bolts
Armour
 b - a +0 robe (worn)
Jewellery
 h - a +2 ring of intelligence (left hand)
Scrolls
 g - 3 scrolls of remove curse {unknown}
 i - 5 scrolls of identify {unknown}
 m - a scroll of noise {unknown}
 p - a scroll of teleportation {unknown}
 r - a scroll of immolation {unknown}
 t - a scroll of blinking {unknown}
Comestibles
 e - 2 rations
 s - a chunk of flesh


   Skills:
 - Level 1.0 Fighting
 - Level 1.7 Dodging
 - Level 2.6 Unarmed Combat
 - Level 2.0 Spellcasting
 + Level 3.9 Transmutations


You couldn't memorise any spells.
You knew the following spells:

 Your Spells              Type           Power        Failure   Level  Hunger
a - Beastly Appendage     Tmut           ####..       1%          1    #......
b - Sticks to Snakes      Tmut           ####....     1%          2    ###....
Y - Spider Form           Tmut/Pois      ###.......   2%          3    ###....

Your spell library contained the following spells:

 Spells                   Type           Power        Failure   Level  Hunger
 Blade Hands              Tmut           ####......   11%         5    ######.
 Ice Form                 Ice/Tmut       ###.....     9%          4    #####..


Dungeon Overview and Level Annotations

Branches:
Dungeon (3/15)

Altars:
Fedhas

Annotations:
D:3 Jessica


Innate Abilities, Weirdness & Mutations

You are partially covered in slimy green scales. (AC +2)


Message History

Confirm with . or Enter, or press ? or * to list all spells.
You miscast Spider Form.
You are very lightly contaminated with residual magic.
You feel weak for a moment. The jackal barely misses you.
You now have 3/6 mp.
Unknown command.
You hit the jackal.
You kill the jackal!
A goblin comes into view.
Unknown command.
Casting: Spider Form (safe; 26% risk of failure)
Confirm with . or Enter, or press ? or * to list all spells.
You turn into a venomous arachnid creature.
Your +0 robe melds into your body.
The goblin shouts!
You hear a shout!
You now have 0/6 mp.
Unknown command.
A jackal comes into view.
An orc comes into view. It is wielding a flail.
You hit the goblin but do no damage.
An orc comes into view. It is wielding a club.
The goblin completely misses you.
You barely miss the leopard gecko.
Jessica the Apprentice Sorceress comes into view.
She is wielding a club.
The leopard gecko barely misses you.
The orc shouts!
You hit the leopard gecko.
You kill the leopard gecko!
You hear a shout!
The goblin hits you.
The orc throws a stone.
The stone hits you but does no damage.
You take 2 damage, and have 22/26 hp.
You hit the goblin but do no damage.
The goblin is poisoned.
Your transformation is almost over.
The goblin hits you but does no damage.
The orc throws a stone.
The stone misses you.
Unknown command.
You hit the goblin but do no damage.
The goblin looks as sick as possible!
The goblin is heavily wounded.
The goblin closely misses you.
Jessica mumbles some strange words.
Jessica blinks!
The orc throws a stone.
The stone misses you.
Unknown command.
You kill the goblin!
The orc priest calls down the wrath of Beogh upon you.
Beogh smites you!
Ouch! That really hurt!
* * * LOW HITPOINT WARNING * * *
The orc throws a stone.
The stone hits you but does no damage.
You see here a stone.
You take 14 damage, and have 8/26 hp.
MASSIVE DAMAGE!!
The jackal bites you.
* * * LOW HITPOINT WARNING * * *
You take 2 damage, and have 6/26 hp.
You hit the jackal.
You kill the jackal!
The orc throws a stone.
The stone completely misses you.
Unknown command.
Unknown command.
The orc throws a stone.
The stone completely misses you.
Jessica casts a spell.
Jessica blinks!
Your transformation has ended.
Your +0 robe unmelds from your body.
Jessica casts a spell.
Jessica blinks!
You see here a stone.
The orc throws a stone.
The stone closely misses you.
You see here a stone.
Jessica gestures wildly while chanting.
Jessica seems to speed up.
Jessica hits you with a club.
* * * LOW HITPOINT WARNING * * *
Your magical contamination has completely faded away.
You take 3 damage, and have 4/26 hp.
Sorry, you're not good enough to have a special ability.
Okay, then.
Casting: Spider Form (safe; 26% risk of failure)
Confirm with . or Enter, or press ? or * to list all spells.
You don't have enough magic to cast that spell.
Unknown command.
Casting: Spider Form (safe; 26% risk of failure)
Confirm with . or Enter, or press ? or * to list all spells.
You don't have enough magic to cast that spell.
Unknown command.
Jessica hits you with a club.
* * * LOW HITPOINT WARNING * * *
There is an open door here.
You take 1 damage, and have 4/26 hp.
It was a potion of degeneration.
There was something very wrong with that liquid.
You feel weakened.
You feel dopey.
You feel clumsy. Jessica closely misses you.
Unknown command.
It was a potion of brilliance.
You feel clever all of a sudden. Jessica hits you but does no damage. x2
The orc priest mumbles some strange prayers to Beogh against you.
Beogh smites you!
You die...

█.█ █.......█ █.█ █.█
██)..██.█ █.█ ███ █.█
██.....█ █.█ █.. █.█
█.....█ █.█ ██.. █.█
█.....█ █.█ ██.. █.█
█.....█ █.█ █..█ █.█
██.....███ █.█ █..█
█.█
█........█████.███..█
█.█
█).......@@oo.o.o(..█
█.█
█........████████...██
█ ███ █........█
███(.█████ █........█
██..o†.( █........█
██.(..o


██████████ ██████ You could see an orc priest, Jessica and 3 orcs.

Vanquished Creatures
  An adder (D:3)
  An ooze (D:2)
  An adder zombie (D:3)
  2 dart slugs
  4 leopard geckos
  An orc (D:3)
  A ball python (D:1)
  4 giant cockroaches (D:1)
  3 goblins
  2 hobgoblins
  6 jackals (D:3)
  4 bats
  2 frilled lizards
  4 kobolds
  7 rats
43 creatures vanquished.

Vanquished Creatures (collateral kills)
  A rat (D:3)
1 creature vanquished.

Grand Total: 44 creatures vanquished

Notes
Turn   | Place    | Note
-------+----------+-------------------------------------------
     0 | D:1      | Goblin1989 the Demonspawn Transmuter began the quest for the Orb.
     0 | D:1      | Reached XP level 1. HP: 15/15 MP: 3/3
    10 | D:1      | Reached skill level 2 in Transmutations
   601 | D:1      | Gained mutation: You are partially covered in slimy green scales. (AC +2) [demonic ancestry]
   601 | D:1      | Reached XP level 2. HP: 21/21 MP: 3/5
  1008 | D:1      | Reached skill level 3 in Transmutations
  1021 | D:1      | Learned a level 2 spell: Sticks to Snakes
  1962 | D:2      | Reached XP level 3. HP: 11/26 MP: 6/6
  1975 | D:2      | Learned a level 3 spell: Spider Form
  2397 | D:2      | Found a faded altar of an unknown god.
  2435 | D:2      | Found a blossoming altar of Fedhas.
  3324 | D:3      | Noticed Jessica
  3347 | D:3      | Killed from afar by an orc priest

Vault maps used:
D:1:      tarquinn_simple_flora_water_e, st_stairs_5
D:2:      chequers_ecumenical_altar_simple_redux, fedhas_altar_4
D:3:      kennysheep_jessica_study

Skill      XL: |  1  2 |
---------------+-------+-----
Transmutations | 2 3 |  3.9
Fighting       | |  1.0
Dodging        | |  1.7
Unarmed Combat | |  2.6
Spellcasting   | |  2.0

Action                   || total
-------------------------++-------
Melee: Unarmed           ||   156
       Headbutt          ||     2
       Kick              ||     6
 Cast: Beastly Appendage ||     5
       Spider Form       ||     6
       Sticks to Snakes  ||     3
  Use: Potion            ||     2
  Eat: Chunk             ||     5
       Ration            ||     1
Armor: Robe              ||    44
       Skin              ||     3
Dodge: Dodged            ||   119

Table legend:
 A = Spawn XP
 B = Non-spawn XP
 C = Spawn XP percentage of total XP
 D = Spawn monster count
 E = Non-spawn monster count
 F = Spawn count percentage of total count
 G = Total turns spent on level
                    A         B        C        D         E        F      G
               +---------+---------+-------+---------+---------+-------+---------
         Total |       0 |      95 |   0.0 |       0 |      44 |   0.0 |  3347
               +---------+---------+-------+---------+---------+-------+---------
           D:1 |       0 |      37 |   0.0 |       0 |      20 |   0.0 |  1547
           D:2 |       0 |      12 |   0.0 |       0 |       5 |   0.0 |  1015
           D:3 |       0 |      46 |   0.0 |       0 |      19 |   0.0 |   785
               +---------+---------+-------+---------+---------+-------+---------

Vault maps used:
D:1:      tarquinn_simple_flora_water_e, st_stairs_5
D:2:      chequers_ecumenical_altar_simple_redux, fedhas_altar_4
D:3:      kennysheep_jessica_study
